 Dungeon Crawl Stone Soup version 0.20.1-1-g8b1a95d (webtiles) character file.

807 Jannitor the Skirmisher (level 7, -2/59 HPs)
             Began as a Mummy Monk on Aug 28, 2017.
             Slain by a killer bee zombie (3 damage)
             ... in an ossuary.
             The game lasted 00:21:38 (10137 turns).

Jannitor the Skirmisher (Mummy Monk)               Turns: 10137, Time: 00:21:39

Health: -2/59      AC:  5    Str: 14    XL:     7   Next: 60%
Magic:  7/7        EV: 14    Int: 10    God:
Gold:   89         SH:  0    Dex: 19    Spells: 6/6 levels left

rFire    x . .     SeeInvis .     - Unarmed
rCold    + . .     Gourm    .   (no shield)
rNeg     + + +     Faith    .   (no armour)
rPois    ∞         Spirit   .   l - +0 helmet
rElec    .         Reflect  .   a - +0 cloak
rCorr    .         Harm     .   (no gloves)
MR       .....                  f - +2 pair of boots
Stlth    ++........             (no amulet)
Regen    0.2/turn               i - +3 ring of dexterity
MPRegen  0.1/turn               (no ring)

@: no status effects
A: no food or potions, fire vulnerability, cold resistance 1, negative energy
resistance 3, torment resistance, unbreathing
a: no special abilities


You were in an ossuary.
You were not hungry.

You visited 1 branch of the dungeon, and saw 6 of its levels.
You also visited: Ossuary.

You collected 228 gold pieces.
You spent 139 gold pieces at shops.

Inventory:

Armour
 a - a +0 cloak (worn)
 f - a +2 pair of boots (worn)
 l - a +0 helmet (worn)
Jewellery
 i - a +3 ring of dexterity (left hand)
Scrolls
 b - a scroll of recharging {unknown}
 c - a scroll of identify
 d - a scroll of random uselessness
 e - a scroll of enchant armour
 g - a scroll of fog
 h - a scroll of remove curse {unknown}
 j - a scroll of amnesia {unknown}
 k - a scroll of enchant weapon {unknown}


   Skills:
 + Level 6.3 Fighting
 + Level 3.8 Dodging
 - Level 1.5 Stealth
 + Level 5.1 Unarmed Combat


You had 6 spell levels left.
You didn't know any spells.

Dungeon Overview and Level Annotations

Branches:
Dungeon (6/15)
 Temple: D:4-7

Altars:
Cheibriados
Dithmenos
Elyvilon
Fedhas
Okawaru
Qazlal
Yredelemnul

Shops:
D:5 *([}

Annotations:
D:4 exclusion: downstairs, Menkaure
D:5 exclusion: 2 wights, Blork the orc, Prince Ribbit
D:6 exclusion: 2 wights


Innate Abilities, Weirdness & Mutations

You do not eat or drink.
Your flesh is vulnerable to fire.
You are immune to poison.
Your flesh is cold resistant. (rC+)
You are immune to negative energy. (rN+++)
You are immune to unholy pain and torment.
You can survive without breathing.


Message History

Okay, then.
You hit the killer bee zombie.
The killer bee zombie is almost destroyed.
The killer bee zombie hits you.
* * * LOW HITPOINT WARNING * * *
Unknown command.
You barely miss the killer bee zombie.
The killer bee zombie is almost destroyed.
The killer bee zombie barely misses you. x2
You closely miss the killer bee zombie.
The killer bee zombie is almost destroyed.
The killer bee zombie closely misses you.
The killer bee zombie hits you.
* * * LOW HITPOINT WARNING * * *
Unknown command.
Unknown command.
As you read the scroll labeled REICUREOPP, it crumbles to dust.
The scroll dissolves into smoke.
It was a scroll of fog.
The killer bee zombie hits you.
You die...

≈# +. ≈≈#
#≈ #≈≈# ≈.
≈≈##≈
#≈≈.≈≈
#≈≈#≈.#####
#P.≈#§§§#
#ZZ§§.#
#P≈≈#@§§#
###M#####
.. ≈≈. #≈#.
#≈## ≈≈


You could see a worker ant zombie and a killer bee zombie.

Vanquished Creatures
  A water moccasin zombie (Ossuary)
  2 crimson imps
  6 mummies (Ossuary)
  An orc priest (D:4)
  4 hounds
  5 orc wizards
  A hound skeleton (D:4)
  4 gnolls
  8 adders
  A shadow imp (D:3)
  An adder zombie (Ossuary)
  An adder skeleton (D:5)
  4 worms
  2 dart slugs
  2 leopard geckos
  20 orcs
  6 giant cockroaches
  11 goblins
  10 hobgoblins
  3 jackals (D:1)
  9 kobolds
  A ball python (D:3)
  8 bats
  4 frilled lizards
  A jackal skeleton (D:5)
  A quokka zombie (D:5)
  7 rats
  A spectral orc (D:3)
125 creatures vanquished.

Vanquished Creatures (others)
  A withered plant (Ossuary)
1 creature vanquished.

Grand Total: 126 creatures vanquished

Notes
Turn   | Place    | Note
-------+----------+-------------------------------------------
     0 | D:1      | Jannitor the Mummy Monk began the quest for the Orb.
     0 | D:1      | Reached XP level 1. HP: 18/18 MP: 1/1
   944 | D:1      | Reached XP level 2. HP: 15/24 MP: 2/2
  1835 | D:2      | HP: 1/25 [adder (2)]
  2298 | D:2      | Reached XP level 3. HP: 10/30 MP: 3/3
  2728 | D:3      | Found a snail-covered altar of Cheibriados.
  3290 | D:3      | Reached skill level 4 in Fighting
  3382 | D:3      | Reached XP level 4. HP: 19/37 MP: 4/4
  3747 | D:2      | Found a faded altar of an unknown god.
  4797 | D:3      | Reached XP level 5. HP: 38/43 MP: 5/5
  5067 | D:3      | Found an iron altar of Okawaru.
  6073 | D:3      | Reached skill level 5 in Fighting
  6592 | D:3      | Found a basalt altar of Yredelemnul.
  6728 | D:4      | Reached XP level 6. HP: 50/51 MP: 6/6
  7224 | D:4      | Found a shadowy altar of Dithmenos.
  7404 | D:4      | Noticed Menkaure
  7688 | D:5      | Entered Level 5 of the Dungeon
  8119 | D:5      | Found a white marble altar of Elyvilon.
  8437 | D:5      | Found Orghevupt's General Store.
  8442 | D:5      | Bought a scroll of magic mapping for 49 gold pieces
  9410 | D:5      | Noticed Blork the orc
  9410 | D:5      | Noticed Prince Ribbit
  9533 | D:5      | Found Ukkejib's Armour Boutique.
  9537 | D:5      | Bought a +0 cloak for 45 gold pieces
  9537 | D:5      | Bought a +0 helmet for 45 gold pieces
  9578 | D:5      | Found Kuwaogal's Antique Weapon Shoppe.
  9583 | D:6      | Found a blossoming altar of Fedhas.
  9602 | D:6      | Found a stormy altar of Qazlal.
  9654 | D:5      | Reached XP level 7. HP: 57/57 MP: 7/7
  9675 | D:5      | Found Pumyillo's Gadget Shop.
  9883 | D:6      | Reached skill level 6 in Fighting
  9979 | D:6      | Found a sand-covered staircase.
  9986 | Ossuary  | Entered an ossuary
 10021 | Ossuary  | Reached skill level 5 in Unarmed Combat
 10136 | Ossuary  | HP: 1/59 [killer bee zombie (3)]
 10137 | Ossuary  | Slain by a killer bee zombie

Skill      XL: |  1  2  3  4  5  6  7 |
---------------+----------------------+-----
Unarmed Combat | 3 4 5 |  5.1
Fighting       | 4 5 6 |  6.3
Dodging        | 3 |  3.8
Stealth        | |  1.5

Action                   |  1- 3 |  4- 6 |  7- 9 || total
-------------------------+-------+-------+-------++-------
Melee: Unarmed           |   158 |   526 |   127 ||   811
       Punch             |     3 |    13 |     3 ||    19
  Use: Scroll            |     2 |     8 |     1 ||    11
 Stab: Sleeping          |     3 |     1 |     3 ||     7
       Distracted        |       |     2 |       ||     2
Armor: Skin              |     7 |    84 |    17 ||   108
Dodge: Dodged            |   115 |   302 |    67 ||   484
